 Dungeon Crawl Stone Soup version 0.25-a0-478-g33c61bdccf (webtiles) character file.

Game seed: 7861068697198990797, levelgen mode: deterministic

55 vurker the Gusty (level 3, -1/15 HPs)
             Began as a Felid Air Elementalist on Feb 8, 2020.
             Was an Initiate of Vehumet.
             Killed from afar by Natasha (3 damage)
             ... with a magic dart
             ... on level 2 of the Dungeon.
             The game lasted 00:02:33 (1334 turns).

vurker the Gusty (Felid Air Elementalist)           Turns: 1334, Time: 00:02:34

Health: -1/15      AC:  1    Str:  4    XL:     3   Next: 67%
Magic:  0/7        EV: 18    Int: 17    God:    Vehumet [......]
Gold:   65         SH:  0    Dex: 16    Spells: 6/7 levels left
                                        Lives:  0   Deaths: 0

rFire    . . .     SeeInvis +   (weapon unavailable)
rCold    . . .     Gourm    .   (shield unavailable)
rNeg     . . .     Faith    .   (armour unavailable)
rPois    .         Spirit   .   (helmet unavailable)
rElec    .         Reflect  .   (cloak unavailable)
rCorr    .         Harm     .   (gloves unavailable)
MR       .....                  (boots unavailable)
Stlth    +++.......             (no amulet)
HPRegen  0.05/turn              (no ring)
MPRegen  0.10/turn              (no ring)

@: very slightly contaminated, quick
A: very small, no armour, no weapons or thrown items, stealth, claws 1, fangs 3,
see invisible, carnivore, speed 1, shaggy fur 1, slow metabolism 1, sharp paws
a: Renounce Religion


You were on level 2 of the Dungeon.
You worshipped Vehumet.
Vehumet was noncommittal.
You were completely stuffed.

You visited 1 branch of the dungeon, and saw 2 of its levels.

You collected 65 gold pieces.

Inventory:

Scrolls
 a - a scroll of amnesia {unknown}
Potions
 b - 2 potions of curing {unknown}
Comestibles
 e - 2 rations


   Skills:
 + Level 0.9 Fighting
 - Level 2.6 Dodging
 - Level 2.6 Stealth
 * Level 2.6 Spellcasting
 * Level 1.8 Conjurations
 * Level 3.2 Air Magic


You had 6 spell levels left.
You knew the following spells:

 Your Spells              Type           Power        Failure   Level  Hunger
a - Shock                 Conj/Air       ##..         6%          1    #......

Your spell library contained the following spells:

 Spells                   Type           Power        Failure   Level  Hunger
 Swiftness                Chrm/Air       #.......     14%         2    ##.....
 Static Discharge         Conj/Air       ##......     19%         3    ###....
 Airstrike                Air            ##........   43%         4    #####..
 Lightning Bolt           Conj/Air       ##........   87%         5    ######.


Dungeon Overview and Level Annotations

Branches:
Dungeon (2/15)

Altars:
Ashenzari
Cheibriados
Dithmenos
Elyvilon
Fedhas
Vehumet
The Shining One

Annotations:
D:2 Natasha


Innate Abilities, Weirdness & Mutations

You cannot wear armour.
You are incapable of wielding weapons or throwing items.
Your paws allow you to move quietly. (Stealth)
You have sharp claws.
You have razor-sharp teeth.
You have supernaturally acute eyesight. (SInv)
You are carnivorous and can eat meat at any time.
You cover ground quickly.
You are covered in fur. (AC +1)
You have a slow metabolism.
Your sharp claws are effective at attacking unaware monsters.


Message History

Found 8 gold pieces.
Okay, then.
You now have 65 gold pieces (gained 8).
Found a sapphire potion.
A goblin comes into view. It is wielding a +0 club.
A goblin is nearby!
A goblin is nearby!
Aim: a goblin, wielding a +0 club (resting)
The zap hits the goblin.
The goblin shouts!
Aim: a goblin, wielding a +0 club (severely wounded)
The zap hits the goblin.
You kill the goblin!
Vehumet accepts your kill.
You can't see any susceptible monsters within range! (Use Z to cast anyway.)
You can't see any susceptible monsters within range! (Use Z to cast anyway.)
You can't see any susceptible monsters within range! (Use Z to cast anyway.) Natasha, Servant of Life and Death comes into view.
Aim: Natasha (hasn't noticed you)
The zap hits Natasha.
Natasha is too close now for your liking.
Okay, then.
Natasha stares at you and mumbles some strange words.
You resist with some effort.
Aim: Natasha (moderately wounded)
The zap misses Natasha.
The zap hits Natasha. x2
The zap misses Natasha.
The zap hits Natasha.
Natasha howls an incantation.
You feel troubled.
Natasha mumbles some strange words.
The zap hits the crimson imp. x2
Natasha casts a spell.
The zap misses the crimson imp.
The crimson imp hits you.
The crimson imp blinks!
Natasha completely misses you.
You miscast Shock.
You are very lightly contaminated with residual magic.
Nothing appears to happen.
The crimson imp completely misses you. Natasha claws you!
Ouch! That really hurt!
* * * LOW HITPOINT WARNING * * *
Unknown command.
You don't have enough magic to cast that spell.
You closely miss Natasha. Your bite misses Natasha. The crimson imp hits you.
* * * LOW HITPOINT WARNING * * *
Natasha wildly gestures.
You feel troubled.
Natasha stares at you and mumbles some strange words.
The magic dart hits you.
You die...

......_..8.._... ##P#........
#...........## ...........#
#...._..._....
.....5.....######..._......
######....!......##..............
#................##.......##.....
#.........................##.....
................5.........##.....
......#######..h@...###..........
......#.............# #.......###
..............####### #......####
..#...........# #......##.. .
#...........### #...#####..
#.............# #...#......
#......###....#######...#......
#......# #.....................
####...# #..................###


You could see Natasha and 2 crimson imps.

Vanquished Creatures
  2 gnolls (D:1)
  An adder (D:2)
  A leopard gecko (D:1)
  6 bats
  3 giant cockroaches
  3 goblins
  4 hobgoblins
  A kobold (D:1)
  2 frilled lizards (D:1)
  2 rats (D:1)
25 creatures vanquished.

Notes
Turn   | Place    | Note
-------+----------+-------------------------------------------
     0 | D:1      | vurker the Felid Air Elementalist began the quest for the
                  | Orb.
     0 | D:1      | Reached XP level 1. HP: 7/7 MP: 4/4
    36 | D:1      | Reached skill level 1 in Conjurations
   213 | D:1      | Reached XP level 2. HP: 6/12 MP: 0/6
   397 | D:1      | Reached skill level 3 in Air Magic
   725 | D:1      | Reached XP level 3. HP: 15/15 MP: 4/7
  1101 | D:2      | Found a white marble altar of Elyvilon.
  1102 | D:2      | Found a radiant altar of Vehumet.
  1104 | D:2      | Found a shattered altar of Ashenzari.
  1104 | D:2      | Found a snail-covered altar of Cheibriados.
  1104 | D:2      | Found a blossoming altar of Fedhas.
  1106 | D:2      | Found a glowing golden altar of the Shining One.
  1107 | D:2      | Found a shadowy altar of Dithmenos.
  1112 | D:2      | Became a worshipper of Vehumet
  1310 | D:2      | Noticed Natasha
  1334 | D:2      | Killed from afar by Natasha

Levels and vault maps discovered:
D:1:      lightli_arrival_quake, layout_rooms, serial_bayou_ford_a
D:2:      cheibrodos_old_hovel, layout_basic, grunt_temple_overflow_open,
          uniq_natasha, uniq_sigmund

Skill      XL: |  1  2 |
---------------+-------+-----
Conjurations   | 1 |  1.8
Air Magic      | 3 |  3.2
Fighting       | |  0.9
Dodging        | |  2.6
Stealth        | |  2.6
Spellcasting   | |  2.6

Action                   || total
-------------------------++-------
Melee: Unarmed           ||    14
 Cast: Shock             ||    63
  Eat: Chunk             ||     9
Armor: Skin              ||     1
Dodge: Dodged            ||    30

Table legend:
 A = Non-vault XP
 B = Vault XP
 C = Vault XP percentage of total XP
 D = Non-vault monster count
 E = Vault monster count
 F = Vault count percentage of total count
                 A         B        C        D         E       F
            +---------+---------+-------+---------+---------+-------
      Total |      79 |       0 |   0.0 |      25 |       0 |   0.0
            +---------+---------+-------+---------+---------+-------
        D:1 |      57 |       0 |   0.0 |      19 |       0 |   0.0
        D:2 |      22 |       0 |   0.0 |       6 |       0 |   0.0
            +---------+---------+-------+---------+---------+-------
